 Dungeon Crawl Stone Soup version 0.30-a0-371-gad7725a93e (webtiles) character file.

Game seed: 17396430724157400129

279 retardedninja the Trooper (level 6, 0/56 HPs)
             Began as a Hill Orc Fighter on Nov 22, 2022.
             Slain by Pikel
             ... wielding a +1 whip of electrocution
              (4 damage)
             ... on level 4 of the Dungeon.
             The game lasted 00:04:05 (2989 turns).

retardedninja the Trooper (Hill Orc Fighter)        Turns: 2989, Time: 00:04:06

Health: 0/56       AC: 10    Str: 21    XL:     6   Next: 26%
Magic:  6/6        EV:  9    Int:  8    God:
Gold:   148        SH:  4    Dex: 10    Spells: 5/5 levels left

rFire   . . .      SeeInvis .    a - +0 war axe
rCold   . . .      Faith    .    c - +0 buckler
rNeg    . . .      Spirit   .    b - +0 scale mail
rPois   .          Reflect  .    (no helmet)
rElec   .          Harm     .    n - +2 cloak
rCorr   .          Rampage  .    (no gloves)
Will    .....                    (no boots)
Stlth   ..........               (no amulet)
HPRegen 0.29/turn                (no ring)
MPRegen 0.10/turn                (no ring)

@: mighty, invisible
A: no striking features
a: no special abilities


You were on level 4 of the Dungeon.
You visited 1 branch of the dungeon, and saw 4 of its levels.

You collected 148 gold pieces.

Inventory:

Hand Weapons
 a - a +0 war axe (weapon)
Armour
 b - a +0 scale mail (worn)
 c - a +0 buckler (worn)
 n - a +2 cloak (worn)
Jewellery
 g - an amulet of reflection
Wands
 m - a wand of polymorph (11)
 r - a wand of charming (11)
Scrolls
 e - 3 scrolls of identify {unknown}
 f - a scroll of teleportation {unknown}
 i - 3 scrolls of vulnerability {unknown}
 j - a scroll of magic mapping {unknown}
 k - a scroll of poison {unknown}
 p - a scroll of fear {unknown}
 s - a scroll of summoning {unknown}
Potions
 h - a potion of heal wounds {unknown}
 o - a potion of brilliance {unknown}
 q - a potion of magic {unknown}


   Skills:
 + Level 5.1 Fighting
 + Level 4.7 Axes
 + Level 4.7 Armour
 + Level 4.6 Shields


You had 5 spell levels left.
You didn't know any spells.
Your spell library contained the following spells:

 Spells                   Type           Power      Damage    Failure   Level
 Sandblast                Erth           0%         2d4       83%         1
 Slow                     Hex            0%         N/A       83%         1
 Passwall                 Tmut/Erth      0%         N/A       92%         2
 Confusing Touch          Hex            0%         N/A       99%         3
 Stone Arrow              Conj/Erth      0%         3d7       99%         3
 Vampiric Draining        Necr           0%         2d6       99%         3


Dungeon Overview and Level Annotations

Branches:
Dungeon (4/15)
 Temple: D:4-7

Altars:
Cheibriados

Annotations:
D:4 Pikel


Message History

Pikel is lightly wounded.
The hound barks!
You slash the lemure! x2; You miss the lemure.
You slash the lemure! You block the lemure's attack.
The lemure closely misses you.
Pikel hits you with a +1 whip of electrocution.
The lemure barely misses you. The lemure hits you.
The scorpion stings you but does no damage.
The lemure hits you but does no damage. The lemure hits you. x2
* * * LOW HITPOINT WARNING * * *
You block the lemure's attack. Pikel completely misses you.
You hit Pikel.
Pikel is moderately wounded.
You barely miss the lemure. You completely miss the lemure.
You slash the lemure! You closely miss the lemure.
You barely miss the scorpion.
The scorpion stings you but does no damage.
The lemure barely misses you. You block the lemure's attack.
The lemure closely misses you. Pikel closely misses you. The lemure hits you.
* * * LOW HITPOINT WARNING * * *
You slash Pikel!
Pikel is heavily wounded.
You closely miss the scorpion. You closely miss the lemure.
You hit the lemure but do no damage. You closely miss the lemure.
You hit the lemure.
The scorpion stings you but does no damage.
The lemure hits you.
* * * LOW HITPOINT WARNING * * *
The lemure closely misses you. Pikel barely misses you. The lemure hits you.
* * * LOW HITPOINT WARNING * * *
The lemure hits you.
* * * LOW HITPOINT WARNING * * *
The scorpion stings you.
* * * LOW HITPOINT WARNING * * *
It was a potion of invisibility.
You fade into invisibility!
The lemure hits you but does no damage. You block the lemure's attack.
The lemure hits you.
* * * LOW HITPOINT WARNING * * *
Pikel hits you with a +1 whip of electrocution.
You die...

######......#### #
#......# #.
###......# #.#
#........#
##..###.##.......
.........#.....##.
...............#
.......55..#####
.......@5h.#
......sK5..#
...........#
.........).#
...........#
.......?..##
.........##
.##.######


You could see Pikel (unable to see you), 4 lemures, a scorpion (unable to see
you) and a hound.

Vanquished Creatures
  A phantom (D:4)
  A scorpion (D:4)
  Crazy Yiuf (D:2)
  6 adders
  2 dart slugs
  3 ball pythons (D:1)
  7 endoplasms
  6 giant cockroaches
  9 goblins
  6 hobgoblins
  2 jackals (D:3)
  3 quokkas
  5 bats
  A frilled lizard (D:1)
  4 kobolds
  8 rats
65 creatures vanquished.

Vanquished Creatures (others)
  41 plants (D:1)
41 creatures vanquished.

Grand Total: 106 creatures vanquished

Notes
Turn   | Place    | Note
-------+----------+-------------------------------------------
     0 | D:1      | retardedninja the Hill Orc Fighter began the quest for the
                  | Orb.
     0 | D:1      | Reached XP level 1. HP: 19/19 MP: 1/1
    80 | D:1      | Reached XP level 2. HP: 26/27 MP: 2/2
    85 | D:1      | Found a faded altar of an unknown god.
   381 | D:1      | Reached skill level 4 in Fighting
   392 | D:1      | Reached XP level 3. HP: 25/33 MP: 3/3
  1445 | D:2      | Found a runed translucent door.
  1446 | D:2      | Noticed Crazy Yiuf
  1518 | D:2      | Found a snail-covered altar of Cheibriados.
  1664 | D:2      | Reached XP level 4. HP: 35/40 MP: 4/4
  1794 | D:2      | Killed Crazy Yiuf
  2067 | D:3      | Reached XP level 5. HP: 47/47 MP: 5/5
  2920 | D:4      | Noticed a phantom
  2930 | D:4      | Killed a phantom
  2931 | D:4      | Reached skill level 5 in Fighting
  2931 | D:4      | Reached XP level 6. HP: 50/56 MP: 6/6
  2979 | D:4      | Noticed Pikel
  2989 | D:4      | Slain by Pikel

Illustrated notes

Levels and vault maps discovered:
D:1:      roderic_crop_circles_arrival_small, layout_loops_cross,
          hellmonk_ecumenical_altar_crossroads
D:2:      layout_basic, basic_altar, uniq_crazy_yiuf_cottage
D:3:      layout_basic
D:4:      layout_rooms, grunt_temple_overflow_bloody_war,
          minmay_temple_entry_poolview, uniq_pikel

Skill      XL: |  1  2  3  4  5 |
---------------+----------------+-----
Axes           | 3 4 |  4.7
Fighting       | 4 5 |  5.1
Armour         | 4 |  4.7
Shields        | 4 |  4.6

Action                   |  1- 3 |  4- 6 || total
-------------------------+-------+-------++-------
Melee: War axe           |   101 |    86 ||   187
  Use: Potion            |       |     4 ||     4
Armor: Scale mail        |    47 |    69 ||   116
Dodge: Dodged            |    39 |    50 ||    89
Block: Buckler           |    26 |    30 ||    56

Table legend: (Time is in decaauts)
 A = Elapsed time spent in this place.
 B = Non-inter-level travel time spent in this place.
 C = Inter-level travel time spent in this place.
 D = Time resting spent in this place.
 E = Time spent auto-exploring this place.
 F = Levels seen in this place.
 G = Mean time per level.
                   A        B        C        D        E       F      G
               +--------+--------+--------+--------+--------+-----+--------+
         Total |   3056 |   3002 |     54 |    190 |   2343 |   4 |  764.0 |
       Dungeon |   3056 |   3002 |     54 |    190 |   2343 |   4 |  764.0 |
               +--------+--------+--------+--------+--------+-----+--------+

Top non-repeatable levels by time:
     D:2: 1095 daAuts
     D:3: 877 daAuts
     D:1: 835 daAuts
     D:4: 248 daAuts
